 Dungeon Crawl Stone Soup version 0.21-a0-349-g0c35859 (webtiles) character file.

6034 Alinoe the Unseen (level 10, 0/49 HPs)
             Began as a Spriggan Enchanter on Oct 7, 2017.
             Was a Follower of Dithmenos.
             Slain by a centaur warrior
             ... wielding a cursed -3 shortbow
              (12 damage)
             ... on level 9 of the Dungeon.
             The game lasted 00:27:01 (14220 turns).

Alinoe the Unseen (Spriggan Enchanter)             Turns: 14220, Time: 00:27:01

Health: 0/49       AC:  7    Str:  6    XL:     10   Next: 56%
Magic:  16/22      EV: 22    Int: 19    God:    Dithmenos [*.....]
Gold:   477        SH:  0    Dex: 16    Spells: 12/24 levels left

rFire    . . .     SeeInvis +   f - +4 dagger (elec)
rCold    + . .     Gourm    .   (shield restricted)
rNeg     . . .     Faith    .   w - +2 robe {MR+}
rPois    .         Spirit   .   (helmet restricted)
rElec    .         Reflect  .   A - +2 cloak
rCorr    .         Harm     .   (gloves unavailable)
MR       ++...                  (boots unavailable)
Stlth    +++++++...             C - amulet of regeneration
HPRegen  0.56/turn              v - ring of protection from cold
MPRegen  0.18/turn              (no ring)

@: wreathed by umbra, very quick
A: unfitting armour, see invisible, herbivore 3, speed 3, slow metabolism 2
a: Renounce Religion


You were on level 9 of the Dungeon.
You worshipped Dithmenos.
Dithmenos was aware of your devotion.
You were hungry.

You visited 2 branches of the dungeon, and saw 11 of its levels.
You also visited: Sewer.

You collected 477 gold pieces.

Inventory:

Hand Weapons
 a - a +1 dagger
 c - a +2 dagger of electrocution
 f - a +4 dagger of electrocution (weapon)
 z - a +4 dagger
Missiles
 m - a throwing net (quivered)
Armour
 s - a +2 buckler
 w - a +2 robe of magic resistance (worn)
 y - a cursed -2 robe
 A - a +2 cloak (worn)
Jewellery
 v - a ring of protection from cold (left hand)
 C - an amulet of regeneration (around neck)
Wands
 g - a wand of digging (7/24)
 x - a wand of random effects (14/48)
 E - a wand of paralysis (8/24)
Scrolls
 b - 2 scrolls of magic mapping
 j - 5 scrolls of teleportation
 q - 3 scrolls of fog
Potions
 e - 2 potions of brilliance
 h - a potion of haste
 i - 4 potions of might
 k - 2 potions of ambrosia {unknown}
 l - 2 potions of lignification {unknown}
 n - 2 potions of curing {unknown}
 o - 2 potions of mutation {unknown}
 p - a potion of degeneration {unknown}
 r - a potion of flight {unknown}
 t - a potion of resistance {unknown}
 u - 2 potions of berserk rage {unknown}
Books
 B - a book of Minor Magic

   Spells                             Type                      Level
   a - Magic Dart                     Conjuration                  1
   b - Blink                          Translocation                2
   c - Call Imp                       Summoning                    2
   d - Slow                           Hexes                        2
   e - Conjure Flame                  Conjuration/Fire             3
   f - Mephitic Cloud                 Conjuration/Poison/Air       3
Comestibles
 d - 9 bread rations
 D - 2 royal jellies


   Skills:
 + Level 3.2 Fighting
 + Level 4.7 Short Blades
 + Level 6.8 Dodging
 + Level 16.7 Stealth
 + Level 7.7 Spellcasting
 + Level 8.1 Hexes


You had 12 spell levels left.
You knew the following spells:

 Your Spells              Type           Power        Failure   Level  Hunger
a - Ensorcelled Hibernat  Hex/Ice        ###...       2%          2    None
b - Corona                Hex            #####..      1%          1    None
c - Confuse               Hex            #####...     1%          3    #......
d - Tukima's Dance        Hex            #####...     1%          3    #......
e - Dazzling Spray        Conj/Hex       ###...       5%          3    #......


Dungeon Overview and Level Annotations

Branches:
Dungeon (10/15)            Temple (1/1) D:6
   Lair: D:8-11         Orc: D:9-12

Altars:
Ashenzari
Cheibriados
Dithmenos
Elyvilon
Fedhas
Gozag
Hepliaklqana
Makhleb
Nemelex Xobeh
Okawaru
Ru
Sif Muna
Uskayaw
Vehumet
Wu Jian
Xom
Yredelemnul
The Shining One

Shops:
D:5 :   D:6 }

Annotations:
D:10 ohados's ghost, journeyman HOFE


Innate Abilities, Weirdness & Mutations

You are very small and have problems with some larger weapons.
You are too small for most types of armour.
You have supernaturally acute eyesight. (SInv)
You are a herbivore.
You cover ground extremely quickly.
You need consume almost no food.


Message History

The centaur warrior is severely wounded.
You are feeling hungry.
The centaur warrior completely misses you.
The crimson imp blinks!
The centaur warrior shoots an arrow.
The arrow hits you.
You see here an arrow.
Casting: Dazzling Spray
Confirm with . or Enter, or press ? or * to list all spells.
Aiming: Dazzling Spray
Press: ? - help, Shift-Dir - straight line, f/p - centaur warrior
Aim: a centaur warrior, wielding a shortbow (severely wounded)
The spray of energy misses the centaur warrior.
The centaur warrior shoots an arrow.
The arrow hits you.
* * * LOW HITPOINT WARNING * * *
The centaur warrior misses you.
You hit the centaur warrior.
Lightning courses through the centaur warrior!
The centaur warrior is almost dead.
The centaur warrior hits you with a shortbow!
You die...

### #.#..## ..
#.....## #.
#.#.#..#
##.##......##
.....#.#...#
#####........?#
#....c........#
#@(...5..#
#(#.(..###
#.#.#### #....#
####.# #.####
.. #.##.. ..#
## #.##.# #>.
.. #.##.# #.#
#.


You could see a centaur warrior and a crimson imp.

Vanquished Creatures
  Erolcha (D:10)
  A gargoyle (D:5)
  Sigmund (D:3)
  4 hogs (D:8)
  A human (D:8)
  The ghost of dricus the Poker, an amateur MfGl (D:3)
  2 hungry ghosts
  Menkaure (D:7)
  3 orc warriors
  A sky beast (D:5)
  2 ice beasts (D:7)
  A phantom (D:4)
  A black bear (D:7)
  4 ogres
  3 centaurs
  Blork the orc (D:6)
  6 bullfrogs
  A water moccasin skeleton (D:8)
  2 scorpions (D:7)
  5 killer bees (D:8)
  5 wights (D:6)
  An electric eel (D:7)
  5 crimson imps
  A bullfrog zombie (D:5)
  3 hounds
  2 centaur skeletons
  A jelly (D:7)
  7 orc priests
  5 orc wizards
  An iguana (D:6)
  5 worker ants
  4 gnolls (D:5)
  17 adders
  A shadow imp (D:8)
  10 oozes
  An adder skeleton (D:8)
  4 worms
  2 dart slugs
  11 leopard geckos
  25 orcs
  11 bats
  14 giant cockroaches
  8 hobgoblins
  7 jackals
  5 kobolds
  6 quokkas
  13 ball pythons
  A ball python skeleton (D:4)
  11 frilled lizards
  10 goblins
  A jackal skeleton (D:7)
  A leopard gecko skeleton (D:6)
  9 rats
250 creatures vanquished.

Vanquished Creatures (others)
  A dancing weapon (D:5)
  A killer bee (D:10)
2 creatures vanquished.

Grand Total: 252 creatures vanquished

Notes
Turn   | Place    | Note
-------+----------+-------------------------------------------
     0 | D:1      | Alinoe the Spriggan Enchanter began the quest for the Orb.
     0 | D:1      | Reached XP level 1. HP: 9/9 MP: 5/5
   313 | D:2      | Found a sacrificial altar of Ru.
   842 | D:1      | Reached XP level 2. HP: 9/13 MP: 2/7
   846 | D:1      | Learned a level 2 spell: Ensorcelled Hibernation
  2133 | D:2      | Reached XP level 3. HP: 13/16 MP: 0/9
  2138 | D:2      | Learned a level 3 spell: Confuse
  2142 | D:2      | Learned a level 3 spell: Tukima's Dance
  3287 | D:2      | Reached XP level 4. HP: 21/21 MP: 8/11
  3525 | D:2      | Reached skill level 5 in Hexes
  3801 | D:2      | Learned a level 3 spell: Dazzling Spray
  4002 | D:3      | Noticed Sigmund
  4012 | D:3      | Killed Sigmund
  4012 | D:3      | Reached skill level 5 in Spellcasting
  4012 | D:3      | Reached XP level 5. HP: 24/24 MP: 9/14
  4179 | D:3      | Reached XP level 6. HP: 28/28 MP: 15/15
  4259 | D:3      | Noticed dricus's ghost (amateur MfGl)
  4276 | D:3      | Killed dricus's ghost
  4276 | D:3      | Reached skill level 6 in Stealth
  4519 | D:3      | Reached skill level 7 in Stealth
  4984 | D:4      | Reached skill level 8 in Stealth
  4984 | D:4      | Reached XP level 7. HP: 31/32 MP: 16/16
  5179 | D:4      | Reached skill level 9 in Stealth
  5668 | D:5      | Entered Level 5 of the Dungeon
  5680 | D:5      | Reached skill level 10 in Stealth
  5827 | D:5      | Reached skill level 11 in Stealth
  5858 | D:5      | Noticed a gargoyle
  5883 | D:5      | Killed a gargoyle
  5883 | D:5      | Reached skill level 12 in Stealth
  5883 | D:5      | Reached XP level 8. HP: 7/36 MP: 7/17
  6162 | D:5      | Reached skill level 13 in Stealth
  6170 | D:5      | Found a hide-covered altar of Uskayaw.
  6215 | D:5      | Found a white marble altar of Elyvilon.
  6404 | D:5      | Found a snail-covered altar of Cheibriados.
  6422 | D:5      | Found a glowing drain.
  6426 | Sewer    | Entered a sewer
  7585 | Sewer    | Reached skill level 14 in Stealth
  7969 | D:5      | Found Icoasheu's Book Shoppe.
  8500 | D:5      | Found a blossoming altar of Fedhas.
  9111 | D:5      | Reached skill level 15 in Stealth
  9552 | D:6      | Reached XP level 9. HP: 35/39 MP: 18/18
 10102 | D:6      | Found Lopoes's Gadget Shop.
 10126 | D:6      | Found a staircase to the Ecumenical Temple.
 10155 | Temple   | Entered the Ecumenical Temple
 10424 | D:6      | Noticed Blork the orc
 10445 | D:6      | Killed Blork the orc
 10794 | D:6      | Reached skill level 1 in Fighting
 10931 | D:6      | Found a glowing golden altar of the Shining One.
 11172 | D:6      | Reached skill level 16 in Stealth
 11740 | D:7      | Noticed Menkaure
 11768 | D:7      | Killed Menkaure
 11786 | D:7      | Reached skill level 5 in Dodging
 12103 | D:7      | Found a shadowy altar of Dithmenos.
 12105 | D:7      | Found a shimmering altar of Xom.
 12112 | D:7      | Became a worshipper of Dithmenos the Shadowed
 12588 | D:8      | Reached XP level 10. HP: 46/46 MP: 21/21
 13863 | D:8      | You fall through a shaft for 2 floors!
 13863 | D:10     | Entered Level 10 of the Dungeon
 13871 | D:10     | Noticed Erolcha
 13872 | D:10     | Found a shadowy altar of Dithmenos.
 13881 | D:10     | Killed Erolcha
 13897 | D:10     | Reached * piety under Dithmenos
 14022 | D:10     | Noticed ohados's ghost (journeyman HOFE)
 14210 | D:9      | Noticed a centaur warrior
 14220 | D:9      | Slain by a centaur warrior

Vault maps used:
D:1:      erik_arrival_blinker_ship, hangedman_abyss_or_decor_stabs,
          minmay_heptomino_o4
D:2:      minmay_wonky_spiral, hangedman_ru_absence, serial_co_window_serial,
          co_window_corner_a, co_window_corner_a, co_window_of_opportunity_a,
          co_window_paths_a, co_window_paths_b, co_window_cross_2,
          co_window_corner_b, co_window_broadway_b, co_window_paths_d,
          glass_columns_b, glass_columns_a
D:3:      uniq_sigmund
D:4:      grunt_ministairs_3, kennysheep_generic_room_12
D:5:      old_standard_altar, nicolae_overflow_hidden_temple,
          cheibriados_altar_1, fedhas_bush_and_centaur_altar,
          gup_sewer_entry_spiral, first_bread, serial_shops, shop
D:6:      nicolae_tso_carved_into_rock, minmay_temple_entry_nine_rooms,
          serial_shops, shop, uniq_blork_the_orc
D:7:      chequers_temple_overflow_statue_of_worship, amethyst_killhole,
          serial_bayou_lagoon_a, uniq_menkaure
D:8:      grunt_livestock
D:9:      minitemple, nicolae_qazlal_eye_of_the_storm,
          minmay_orc_entry_temple_small, serial_glass, glass_columns_a,
          glass_columns_c, glass_columns_a, glass_columns_a, glass_columns_a,
          glass_columns_a, glass_columns_a, glass_columns_a, glass_columns_b,
          glass_columns_a, glass_columns_a, glass_columns_a, glass_columns_a,
          glass_columns_b, item_on_display_a, minmay_strange_pillars,
          feat_on_display, minmay_strange_pillars
D:10:     minmay_lair_entry_grove, grunt_dithmenos_smoke, uniq_joseph,
          uniq_erolcha, uniq_erica
Temple:   eino_wide_crystal_templ
Sewer:    sewer_frog_island_02

Skill      XL: |  1  2  3  4  5  6  7  8  9 10 |
---------------+-------------------------------+-----
Spellcasting   | 3 4 5 6 7 |  7.7
Hexes          | 4 6 7 8 |  8.1
Stealth        | 8 12 15 16 | 16.7
Fighting       | 2 3 |  3.2
Short Blades   | 3 4 |  4.7
Dodging        | 5 6 |  6.8

Action                   |  1- 3 |  4- 6 |  7- 9 | 10-12 || total
-------------------------+-------+-------+-------+-------++-------
Melee: Dagger            |   128 |    78 |   381 |    87 ||   674
 Cast: Corona            |     5 |       |       |       ||     5
       Ensorcelled Hiber |    20 |     3 |    41 |     4 ||    68
       Dazzling Spray    |       |     4 |    21 |    12 ||    37
       Confuse           |       |     2 |    25 |     7 ||    34
       Tukima's Dance    |       |       |     3 |       ||     3
Evoke: Wand              |       |       |     2 |       ||     2
  Use: Potion            |     2 |       |     2 |       ||     4
       Scroll            |     5 |     2 |    11 |     5 ||    23
 Stab: Sleeping          |    15 |    14 |    54 |     8 ||    91
       Confused          |       |       |    12 |       ||    12
       Invisible         |       |       |     6 |     8 ||    14
       Distracted        |       |       |     2 |       ||     2
  Eat: Royal jelly       |     2 |       |       |     2 ||     4
       Fruit             |       |       |     4 |       ||     4
       Bread ration      |       |       |     1 |       ||     1
Armor: Robe              |    18 |     3 |    33 |     4 ||    58
Dodge: Dodged            |   155 |    52 |   287 |    86 ||   580

Table legend:
 A = Spawn XP
 B = Non-spawn XP
 C = Spawn XP percentage of total XP
 D = Spawn monster count
 E = Non-spawn monster count
 F = Spawn count percentage of total count
 G = Total turns spent on level
                    A         B        C        D         E        F      G
               +---------+---------+-------+---------+---------+-------+---------
         Total |       0 |    8620 |   0.0 |       0 |     250 |   0.0 | 14220
               +---------+---------+-------+---------+---------+-------+---------
           D:1 |       0 |      30 |   0.0 |       0 |      19 |   0.0 |  1341
           D:2 |       0 |     108 |   0.0 |       0 |      29 |   0.0 |  2482
           D:3 |       0 |     564 |   0.0 |       0 |      20 |   0.0 |   937
           D:4 |       0 |     329 |   0.0 |       0 |      19 |   0.0 |   908
           D:5 |       0 |    1379 |   0.0 |       0 |      33 |   0.0 |  2453
           D:6 |       0 |    1357 |   0.0 |       0 |      31 |   0.0 |  1641
           D:7 |       0 |    1247 |   0.0 |       0 |      26 |   0.0 |  1396
           D:8 |       0 |    1873 |   0.0 |       0 |      23 |   0.0 |  1278
          D:10 |       0 |    1402 |   0.0 |       0 |       6 |   0.0 |   302
         Sewer |       0 |     331 |   0.0 |       0 |      44 |   0.0 |  1375
               +---------+---------+-------+---------+---------+-------+---------
